 Dungeon Crawl Stone Soup version 0.19.1 (webtiles) character file.

183273 OrDronus the Executioner (level 17, -7/166 HPs)
             Began as a Minotaur Gladiator on Dec 18, 2016.
             Was a High Priest of Qazlal.
             Mangled by a thrashing horror (10 damage)
             ... on level 4 of the Abyss on Dec 19, 2016.
             The game lasted 03:56:46 (31453 turns).

OrDronus the Executioner (Minotaur Gladiator)      Turns: 31453, Time: 03:56:47

Health: -7/166     AC: 35    Str: 23    XL:     17   Next: 74%
Magic:  5/25       EV: 19    Int:  5    God:    Qazlal [*****.]
Gold:   2846       SH:  9    Dex: 26    Spells: 0 memorised, 16 levels left

rFire  + . .     SeeInvis .     g - +3 battleaxe
rCold  . . .     Gourm    .     A - +4 plate armour {rF+}
rNeg   . . .     Faith    .     (shield currently unavailable)
rPois  .         Spirit   .     c - +0 hat
rElec  .         Reflect  +     k - +2 cloak
rCorr  .         Harm     .     W - +2 pair of gloves {Dex+3}
MR     +....     Rnd*Rage +     S - +2 pair of boots
Stlth  ..........               H - +3 amulet of reflection
                                C - +3 ring of slaying
                                N - +3 ring of strength

@: agile, exhausted, about to teleport, protected from physical damage,
non-regenerating, diseased, slowed, repel missiles, very slow
A: retaliatory headbutt, horns 2, berserk 2
a: Upheaval, Elemental Force, Disaster Area, Renounce Religion


You were on level 4 of the Abyss.
You worshipped Qazlal.
Qazlal was extremely pleased with you.
You were very hungry.

You visited 6 branches of the dungeon, and saw 28 of its levels.
You visited the Abyss 1 time.
You also visited: Bailey and Volcano.

You collected 3140 gold pieces.
You spent 294 gold pieces at shops.

Inventory:

Hand Weapons
 a - a +2 executioner's axe of electrocution
 g - a +3 battleaxe (weapon)
 o - a +0 battleaxe of venom
 X - a +3 battleaxe of freezing
Missiles
 p - 12 tomahawks of returning
 B - 13 javelins (quivered)
 V - 2 throwing nets
Armour
 c - a +0 hat (worn)
 k - a +2 cloak (worn)
 A - a +4 plate armour of fire resistance (worn)
 I - a +2 chain mail of poison resistance
 R - a +1 plate armour of cold resistance
 S - a +2 pair of boots (worn)
 W - a +2 pair of gloves of dexterity (worn)
Jewellery
 j - an uncursed ring of protection from cold
 C - a +3 ring of slaying (right hand)
 H - a +3 amulet of reflection (around neck)
 L - an uncursed ring of flight
 N - a +3 ring of strength (left hand)
 Q - an uncursed amulet of rage
 T - an uncursed ring of protection from fire
Wands
 x - a wand of acid (5/15)
 M - a wand of digging (13/24)
Scrolls
 n - 6 scrolls of fog
 r - a scroll of magic mapping
 s - 3 scrolls of noise
 y - 6 scrolls of teleportation
 G - a scroll of blinking
 K - 4 scrolls of remove curse
 Z - 4 scrolls of fear
Potions
 i - 4 potions of curing
 t - a potion of brilliance
 z - 4 potions of might
 D - a potion of haste
 E - a potion of flight
 J - 4 potions of magic
 O - 3 potions of berserk rage
 U - 4 potions of cancellation {unknown}
 Y - a potion of resistance
Miscellaneous
 l - a phantom mirror
Comestibles
 f - 14 bread rations
 h - 16 meat rations
 m - 25 beef jerkies
 v - 22 fruits
 w - 4 slices of pizza


   Skills:
 + Level 18.8 Fighting
 * Level 21.7 Axes
 * Level 9.0 Throwing
 + Level 16.5 Armour
 + Level 7.8 Dodging
 * Level 12.2 Invocations
 + Level 1.6 Evocations


You had 16 spell levels left.
You didn't know any spells.

Dungeon Overview and Level Annotations

Branches:
Dungeon (15/15)            Temple (1/1) D:7            Lair (6/6) D:9
  Swamp (0/4) Lair:2        Slime (1/5) Lair:6          Orc (2/2) D:12
    Elf (3/3) Orc:2        Vaults (0/5) D:14         Depths (0/5) D:15
  Snake: Lair:2-4    Spider: Lair:2-4

Altars:
Ashenzari
Cheibriados
Dithmenos
Elyvilon
Fedhas
Gozag
Hepliaklqana
Kikubaaqudgha
Makhleb
Nemelex Xobeh
Okawaru
Qazlal
Ru
Sif Muna
Trog
Uskayaw
Vehumet
Xom
Yredelemnul
Zin
The Shining One
Beogh

Shops:
D:8 :   D:14 *   Orc:2 [%![}

Portals:
Pandemonium: Orc:2

Annotations:
Elf:2 1 runed door


Innate Abilities, Weirdness & Mutations

You reflexively headbutt those who attack you in melee.
You have a pair of horns on your head.
[You often lose your temper in combat.]


Message History

The vampire mage flickers and vanishes!
Deactivating autopickup; reactivate with Ctrl-A.
The large abomination hits you!
* * * LOW HITPOINT WARNING * * *
A tentacled starspawn comes into view.
You barely miss the raiju. You slash the thrashing horror!
You hit the thrashing horror but do no damage.
You hit the jiangshi but do no damage. You slash the jiangshi!
You destroy the jiangshi!
Qazlal accepts your kill.
You slice the small abomination!!
You destroy the small abomination!
Qazlal accepts your kill.
You barely miss the smoke demon. You hit the large abomination.
The thrashing horror churns violently!
The thrashing horror seems to grow stronger.
The thrashing horror tramples you but does no damage.
The thrashing horror completely misses you.
The thrashing horror tramples you!
You die...

..§. ..# .. #.# #.#§
§...§ .3§.#.§#.. # #.
.
..#.)§#§..z....§......
.
.#...§§§....§#.....†.
# §..§.§§§§...{......
....
.§§.§§.*...†.)......
..
.§...§#Wx...≈≈≈≈...≈≈≈
..§..hXXV§.§≈≈.≈...≈
≈). X§.hX#@X.§#.§##'
'##§.
#....wX3§§§...... ...)
# §.§..§§.#.§...§ ..
..
...!....§#§####§..'#'.
##.....§..............
§..§§#.§.......... ...
§§§§.§§.§§..§.§#.. . .
§.§.§.. §..§§§. . .


You could see a wretched star, a jiangshi, an ancient zyme, 3 thrashing horrors,
a large abomination, a smoke demon, a raiju, a neqoxec, a wraith, a starspawn
tentacle and a wight.

Vanquished Creatures
  A deep elf blademaster (Elf:2)
  An azure jelly (Lair:6)
  2 deep elf sorcerers (Elf:3)
  Aizul (Elf:1)
  A deep elf demonologist (Elf:3)
  2 deep elf annihilators
  Snorg (Lair:4)
  A jiangshi (Abyss:4)
  A fire dragon (D:14)
  The ghost of Menchi the Carver, a journeyman FoSk of Nemelex Xobeh (Volcano)
  Erolcha (Orc:1)
  2 yaktaur captains
  Harold (D:10)
  8 hydras
  3 centaur warriors
  The ghost of Sam the Basher, a novice MiBe of Trog (Orc:2)
  Erica (Orc:1)
  30 dancing weapons
  A vampire mage (Abyss:4)
  A death knight (D:13)
  2 ogre magi
  8 death yaks
  A tengu warrior (D:14)
  The ghost of TheForgottenOwl the Fencer, a novice MiFi of Okawaru (D:9)
  8 orc high priests
  A sun demon (Volcano)
  A soul eater (Orc:2)
  Urug (Lair:4)
  16 deep elf knights
  2 skeletal warriors
  A wretched star (Abyss:4)
  A torturous demonspawn (Orc:2)
  5 unseen horrors
  3 hill giants
  6 deep elf archers
  4 lindwurms (Lair:3)
  7 orc knights
  Pikel (D:4)
  37 deep elf magi
  8 orc sorcerers
  19 ugly things
  2 wolf spiders (Lair:6)
  4 cyclopes
  20 elephants
  2 manticores
  9 black mambas
  A naga mage (Abyss:4)
  The ghost of jomper the Shield-Bearer, a novice MiFi of Makhleb (D:5)
  2 guardian serpents
  Joseph (D:8)
  A smoke demon (Abyss:4)
  An apocalypse crab (Abyss:4)
  Maurice (D:14)
  A molten gargoyle (Volcano)
  4 gargoyles
  19 spiny frogs
  An efreet (D:14)
  A rime drake (Lair:1)
  9 komodo dragons
  4 kobold demonologists
  A tengu conjurer (D:14)
  A komodo dragon (shapeshifter) (D:15)
  2 yaktaurs (D:14)
  A yaktaur (shapeshifter) (D:15)
  A freezing wraith (D:13)
  5 red devils
  2 ancient zymes (Abyss:4)
  4 trolls
  A meliai (D:14)
  9 polar bears
  4 hornets
  4 two-headed ogres
  A queen bee (D:9)
  A dream sheep (shapeshifter) (D:15)
  10 dream sheep
  6 raiju
  26 blink frogs
  6 slime creatures
  Prince Ribbit (D:8)
  5 hippogriffs
  5 air elementals
  3 redbacks (Lair:6)
  A water elemental (Elf:2)
  2 wraiths (D:13)
  26 yaks
  8 wyverns
  3 ynoxinuls
  4 basilisks
  2 fire bats (Volcano)
  2 hungry ghosts
  3 chaos spawn
  4 small abominations (Abyss:4)
  4 fire elementals
  2 vampire mosquitoes (D:14)
  3 mottled dragons
  A swamp worm (shapeshifter) (Elf:3)
  9 wargs
  27 water moccasins
  3 hell hounds (Lair:6)
  8 porcupines
  A hornet zombie (D:7)
  3 large abominations (Abyss:4)
  3 ice beasts
  49 orc warriors
  A swamp drake (Lair:6)
  3 sky beasts
  An eye of draining (D:14)
  15 black bears
  2 phantoms
  20 wolves
  6 centaurs
  2 necrophages
  20 ogres
  20 crocodiles
  7 big kobolds
  21 bullfrogs
  5 gnoll sergeants (D:12)
  An earth elemental (Elf:2)
  A wyvern skeleton (D:12)
  5 scorpions
  23 killer bees (D:9)
  6 wights
  6 electric eels
  A howler monkey (D:4)
  7 lava snakes (Volcano)
  6 crimson imps
  A centaur zombie (D:9)
  A bullfrog skeleton (D:11)
  A jelly (shapeshifter) (D:14)
  39 orc priests
  9 centaur skeletons
  21 hounds
  11 jellies
  5 iguanas
  Natasha (twice) (D:4)
  20 orc wizards
  16 worker ants
  A worker ant zombie (D:6)
  8 gnolls
  30 adders
  2 river rats (Lair:6)
  5 shadow imps
  10 oozes
  4 worms
  3 dart slugs
  2 leopard geckos
  88 orcs
  3 ball pythons
  5 giant cockroaches
  18 goblins
  14 hobgoblins
  11 jackals
  14 kobolds
  6 quokkas
  8 bats
  2 frilled lizards (D:1)
  A giant cockroach zombie (D:5)
  A quokka zombie (D:7)
  8 rats
  25 fungi
  15 plants
1134 creatures vanquished.

Vanquished Creatures (collateral kills)
  An orc warlord (Orc:2)
  A naga warrior (Abyss:4)
  A smoke demon (Abyss:4)
  An elephant (Lair:6)
  A demonic crawler (Abyss:4)
  A large abomination (Abyss:4)
  A warg (Orc:2)
  An orc warrior (Orc:2)
  An adder (Lair:6)
9 creatures vanquished.

Vanquished Creatures (others)
  A deep elf annihilator (Elf:2)
  2 deep elf death magi (Elf:2)
  A deep elf high priest (Elf:2)
  A centaur warrior (D:13)
  2 dancing weapons
  2 deep elf knights (Elf:2)
  A deep elf mage (Elf:1)
  A soldier ant (shapeshifter) (Elf:2)
  A centaur (D:13)
  An adder (D:4)
  29 fungi
  33 plants
  A starspawn tentacle (Abyss:4)
76 creatures vanquished.

Grand Total: 1219 creatures vanquished

Notes
Turn   | Place    | Note
-------+----------+-------------------------------------------
     0 | D:1      | OrDronus the Minotaur Gladiator began the quest for the Orb.
     0 | D:1      | Reached XP level 1. HP: 18/18 MP: 0/0
   101 | D:1      | Reached skill level 4 in Axes
   101 | D:1      | Reached XP level 2. HP: 15/25 MP: 1/1
   415 | D:1      | Reached skill level 1 in Armour
   738 | D:2      | Reached XP level 3. HP: 30/30 MP: 2/2
  1288 | D:2      | Reached XP level 4. HP: 37/37 MP: 3/3
  1426 | D:2      | Reached skill level 5 in Axes
  2351 | D:3      | Reached XP level 5. HP: 44/45 MP: 4/4
  2728 | D:3      | Reached skill level 6 in Axes
  2800 | D:4      | Noticed Pikel
  2800 | D:4      | Noticed a slave
  2800 | D:4      | Noticed a slave
  2800 | D:4      | Noticed a slave
  2802 | D:4      | Noticed a slave
  2977 | D:4      | Reached XP level 6. HP: 51/51 MP: 5/5
  3277 | D:4      | Noticed Natasha
  3286 | D:4      | Killed Natasha
  3286 | D:4      | Reached skill level 7 in Axes
  3435 | D:4      | Killed Pikel
  3435 | D:4      | Reached skill level 8 in Axes
  3435 | D:4      | Reached XP level 7. HP: 57/59 MP: 6/6
  3494 | D:4      | Reached skill level 5 in Armour
  3778 | D:4      | Reached XP level 8. HP: 61/67 MP: 7/7
  3847 | D:4      | Noticed Natasha
  3857 | D:4      | Killed Natasha
  3857 | D:4      | Reached skill level 9 in Axes
  4004 | D:5      | Entered Level 5 of the Dungeon
  4146 | D:5      | Noticed jomper's ghost (novice MiFi)
  4267 | D:5      | Reached skill level 10 in Axes
  4269 | D:5      | Reached skill level 5 in Fighting
  4426 | D:5      | Found a hazy altar of Hepliaklqana.
  4802 | D:6      | Reached XP level 9. HP: 46/74 MP: 8/8
  4867 | D:6      | Reached skill level 11 in Axes
  5578 | D:5      | Killed jomper's ghost
  5578 | D:5      | Reached skill level 5 in Dodging
  5779 | D:7      | Found a staircase to the Ecumenical Temple.
  5784 | Temple   | Entered the Ecumenical Temple
  5820 | Temple   | Became a worshipper of Qazlal Stormbringer
  5845 | D:7      | Found a shimmering altar of Xom.
  6183 | D:7      | Reached skill level 12 in Axes
  6356 | D:7      | Found a deep blue altar of Sif Muna.
  6660 | D:8      | Reached * piety under Qazlal
  6687 | D:8      | Noticed Prince Ribbit
  6697 | D:8      | Killed Prince Ribbit
  6751 | D:8      | Noticed a hill giant
  6787 | D:8      | Reached XP level 10. HP: 78/84 MP: 9/9
  6800 | D:8      | Found Xiostiv's Book Shoppe.
  7176 | D:8      | Noticed Joseph
  7238 | D:8      | Killed Joseph
  8288 | D:9      | Found a staircase to the Lair.
  8288 | D:9      | Noticed an elephant
  8367 | D:9      | Found a white marble altar of Elyvilon.
  8386 | D:9      | Found a sparkling altar of Nemelex Xobeh.
  8432 | D:9      | Reached skill level 13 in Axes
  8499 | D:9      | Noticed TheForgottenOwl's ghost (novice MiFi)
  8817 | D:9      | Reached ** piety under Qazlal
  8945 | D:10     | Entered Level 10 of the Dungeon
  9081 | D:9      | Reached skill level 1 in Invocations
  9153 | D:10     | Reached XP level 11. HP: 76/94 MP: 9/11
  9223 | D:10     | Found a shadowy altar of Dithmenos.
  9316 | D:10     | Noticed Harold
  9335 | D:10     | Killed Harold
  9335 | D:10     | Reached skill level 10 in Armour
  9546 | D:10     | Killed an unseen horror
  9814 | D:11     | Noticed a centaur warrior
  9823 | D:11     | Killed a centaur warrior
  9903 | D:11     | Reached skill level 14 in Axes
 10147 | D:12     | Found a flagged portal.
 10160 | Bailey   | Entered a bailey
 10184 | Bailey   | Reached *** piety under Qazlal
 10202 | Bailey   | Noticed an orc high priest
 10209 | Bailey   | Noticed an orc sorcerer
 10215 | Bailey   | Killed an orc high priest
 10217 | Bailey   | Killed an orc sorcerer
 10232 | Bailey   | Noticed an orc knight
 10274 | Bailey   | Killed an orc knight
 10472 | Bailey   | Found an iron altar of Okawaru.
 10824 | Bailey   | Reached skill level 5 in Throwing
 11195 | D:12     | Found a staircase to the Orcish Mines.
 11260 | D:12     | Reached XP level 12. HP: 106/106 MP: 14/14
 11267 | D:12     | Reached skill level 10 in Fighting
 11319 | D:12     | Reached skill level 5 in Invocations
 11902 | D:13     | Noticed Maurice
 11902 | D:13     | Noticed a centaur warrior
 11918 | D:13     | Killed a centaur warrior
 11918 | D:13     | Reached skill level 15 in Axes
 12004 | D:13     | Noticed a death knight
 12630 | D:13     | Found a roughly hewn altar of Beogh.
 12848 | Lair:1   | Entered Level 1 of the Lair of Beasts
 12965 | D:9      | Killed TheForgottenOwl's ghost
 13101 | Lair:1   | Reached **** piety under Qazlal
 13881 | Lair:2   | Reached XP level 13. HP: 115/116 MP: 16/16
 14007 | Lair:2   | Found a staircase to the Swamp.
 14696 | Lair:3   | Reached skill level 16 in Axes
 14886 | Lair:3   | Reached ***** piety under Qazlal
 15109 | Lair:3   | Reached skill level 1 in Evocations
 15732 | Lair:4   | Noticed Snorg
 15750 | Lair:4   | Killed Snorg
 15828 | Lair:4   | Noticed Urug
 15842 | Lair:4   | Killed Urug
 16366 | Lair:4   | Reached skill level 17 in Axes
 16956 | Lair:5   | Reached XP level 14. HP: 127/127 MP: 19/19
 17602 | Lair:6   | Entered Level 6 of the Lair of Beasts
 18297 | Lair:6   | Reached skill level 18 in Axes
 18750 | Lair:6   | Got a jewelled leather armour
 18762 | Lair:6   | Identified the +1 leather armour of Daffodils {+Fly Str+6} (You found it on level 6 of the Lair of Beasts)
 18883 | Lair:6   | Found a staircase to the Slime Pits.
 18912 | Slime:1  | Entered Level 1 of the Pits of Slime
 18918 | Slime:1  | Noticed an azure jelly
 19472 | Lair:6   | Reached XP level 15. HP: 119/138 MP: 21/21
 20112 | Lair:6   | Got a faintly humming shield
 20124 | Lair:6   | Identified the +0 shield "Ututec" {Regen+ Str+4} (You found it on level 6 of the Lair of Beasts)
 20999 | Lair:6   | Killed an azure jelly
 20999 | Lair:6   | Reached skill level 15 in Armour
 21602 | D:13     | Found a glowing silver altar of Zin.
 21854 | D:14     | Reached skill level 10 in Invocations
 21874 | D:14     | Killed Maurice
 21904 | D:14     | Reached skill level 15 in Fighting
 22026 | D:14     | Found a radiant altar of Vehumet.
 22066 | D:14     | Reached skill level 19 in Axes
 22075 | D:14     | Got a pitted cloak
 22153 | D:14     | Found an ancient bone altar of Kikubaaqudgha.
 22242 | D:14     | Identified the cursed -1 cloak of Olitemewk {*Slow +Fly Regen+ Str+4} (You found it on level 14 of the Dungeon)
 22309 | D:14     | Found a gate to the Vaults.
 22346 | D:14     | Found Muborac's General Store.
 23407 | D:15     | Entered Level 15 of the Dungeon
 23417 | D:15     | Reached ****** piety under Qazlal
 24156 | D:15     | Found a staircase to the Depths.
 24509 | Orc:1    | Entered Level 1 of the Orcish Mines
 24555 | Orc:1    | Noticed Erolcha
 24561 | Orc:1    | Killed Erolcha
 24561 | Orc:1    | Reached XP level 16. HP: 132/151 MP: 22/22
 24567 | Orc:1    | Noticed Erica
 24574 | Orc:1    | Killed Erica
 24786 | Orc:1    | Found a dark tunnel.
 24791 | Volcano  | Entered a volcano
 24791 | Volcano  | Noticed Menchi's ghost (journeyman FoSk)
 24797 | Volcano  | Killed Menchi's ghost
 25169 | Volcano  | Found a burning altar of Makhleb.
 25188 | Volcano  | Paralysed by an orc sorcerer for 4 turns
 25805 | Orc:1    | You fall through a shaft!
 25805 | Orc:2    | Entered Level 2 of the Orcish Mines
 25842 | Orc:2    | Noticed Sam's ghost (novice MiBe)
 25853 | Orc:2    | Killed Sam's ghost
 25897 | Orc:2    | Reached skill level 20 in Axes
 25906 | Orc:2    | Found Womyh's Armour Shop.
 26276 | Orc:2    | Found Bishi's Food Emporium.
 26286 | Orc:2    | Found Diczookk's Distillery.
 26645 | Orc:2    | Found a staircase to the Elven Halls.
 27181 | Orc:2    | Paralysed by an orc sorcerer for 2 turns
 27509 | Orc:2    | Gained mutation: [You tend to lose your temper in combat.] [a neqoxec]
 27721 | Orc:2    | Found Ynuobloss's Antique Armour Shop.
 27721 | Orc:2    | Found a one-way gate leading to the halls of Pandemonium.
 27721 | Orc:2    | Found Puivaces's Gadget Boutique.
 27727 | Orc:2    | Bought a pair of glowing boots for 294 gold pieces
 27918 | Elf:1    | Entered Level 1 of the Elven Halls
 28133 | Elf:1    | Identified the Compendium of Arcane Weapons
 28241 | Elf:1    | Noticed Aizul
 28251 | Elf:1    | Killed Aizul
 29020 | Elf:1    | Lost mutation: [You tend to lose your temper in combat.] [potion of cure mutation]
 29423 | Elf:2    | Reached XP level 17. HP: 163/163 MP: 24/24
 29452 | Elf:2    | Found a runed door.
 29477 | Elf:2    | Found a runed door.
 29498 | Elf:2    | Reached skill level 21 in Axes
 29706 | Elf:2    | Noticed a deep elf blademaster
 29713 | Elf:2    | Paralysed by the power of Zot for 2 turns
 29727 | Elf:2    | Killed a deep elf blademaster
 30730 | Elf:2    | Identified the Papyrus of the Escort and Enhancements
 30873 | Elf:3    | Entered Level 3 of the Elven Halls
 31108 | Elf:3    | Noticed a Tzitzimitl
 31307 | Elf:3    | Noticed an Ice Fiend
 31355 | Elf:3    | Cast into level 4 of the Abyss (a deep elf sorcerer)
 31452 | Abyss:4  | HP: 3/166 [large abomination (13)]
 31453 | Abyss:4  | Mangled by a thrashing horror

Skill      XL: |  1  2  3  4  5  6  7  8  9 10 11 12 13 14 15 16 17 |
---------------+----------------------------------------------------+-----
Axes           | 4 5 6 8 10 12 13 14 15 17 18 19 20 21 | 21.7
Armour         | 1 2 3 4 5 6 8 9 11 12 13 14 15 16 | 16.5
Fighting       | 3 4 5 6 8 9 11 12 14 16 18 | 18.8
Dodging        | 4 5 6 7 |  7.8
Throwing       | 3 4 5 6 8 9 |  9.0
Invocations    | 1 4 6 8 9 10 11 12 | 12.2
Evocations     | 1 |  1.6

Action                   |  1- 3 |  4- 6 |  7- 9 | 10-12 | 13-15 | 16-18 || total
-------------------------+-------+-------+-------+-------+-------+-------++-------
Melee: War axe           |    77 |   105 |    55 |     8 |   516 |   340 ||  1101
       Headbutt          |    10 |    18 |    45 |   176 |   362 |   238 ||   849
       Hand axe          |       |       |   199 |   649 |   606 |       ||  1454
       Executioner's axe |       |       |       |    10 |       |       ||    10
       Battleaxe         |       |       |       |       |       |   442 ||   442
Throw: Throwing net      |       |     3 |       |     4 |       |       ||     7
       Tomahawk          |       |       |    10 |    26 |       |       ||    36
       Javelin           |       |       |       |       |    14 |       ||    14
Invok: Upheaval          |       |       |       |    10 |    14 |    21 ||    45
       Elemental Force   |       |       |       |       |     2 |     4 ||     6
       Disaster Area     |       |       |       |       |       |     1 ||     1
 Abil: Evoke Flight      |       |       |       |       |     3 |       ||     3
Evoke: Wand              |       |       |       |     4 |     1 |     2 ||     7
  Use: Scroll            |       |       |    12 |    10 |    20 |     5 ||    47
       Potion            |       |       |     1 |     2 |       |     9 ||    12
 Stab: Held in net/web   |       |     1 |       |       |       |       ||     1
       Confused          |       |       |       |       |     1 |       ||     1
       Distracted        |       |       |       |       |       |     1 ||     1
  Eat: Chunk             |     1 |     7 |    26 |    14 |    35 |    22 ||   105
Armor: Leather armour    |    13 |       |       |       |       |       ||    13
       Ring mail         |     8 |    13 |       |       |       |       ||    21
       Scale mail        |       |    30 |    83 |    73 |       |       ||   186
       Plate armour      |       |       |       |   232 |   520 |   351 ||  1103
Dodge: Dodged            |    64 |    46 |   100 |   206 |   404 |   269 ||  1089
       Deflected         |       |       |       |       |    10 |    20 ||    30
Block: Other             |       |       |     1 |    76 |   399 |   333 ||   809
       Reflection        |       |       |       |     6 |    11 |    28 ||    45
